 Dungeon Crawl Stone Soup version 0.24-a0-73-g81bb1ad (webtiles) character file.

Game seed: 7457604817632092365

185 Atlas the Grave Robber (level 5, -13/35 HPs)
             Began as a Mummy Necromancer on Feb 6, 2019.
             Was an Initiate of Gozag.
             Mangled by an ogre
             ... wielding a +0 giant club
              (20 damage)
             ... on level 4 of the Dungeon.
             The game lasted 00:04:23 (3186 turns).

Atlas the Grave Robber (Mummy Necromancer)          Turns: 3186, Time: 00:04:24

Health: -13/35     AC:  6    Str: 12    XL:     5   Next: 37%
Magic:  1/12       EV: 12    Int: 19    God:    Gozag
Gold:   82         SH:  0    Dex: 12    Spells: 10/14 levels left

rFire    x . .     SeeInvis .   (no weapon)
rCold    + . .     Gourm    .   (no shield)
rNeg     + + +     Faith    .   a - +0 robe
rPois    ∞         Spirit   .   h - +1 hat
rElec    .         Reflect  .   i - scarf {cloud immunity}
rCorr    .         Harm     .   j - +2 pair of gloves
MR       .....                  (no boots)
Stlth    ++........             (no amulet)
HPRegen  0.11/turn              b - +4 ring of intelligence
MPRegen  0.13/turn              (no ring)

@: very slightly contaminated
A: no food or potions, fire vulnerability, cold resistance 1, negative energy
resistance 3, torment resistance, unbreathing
a: Potion Petition, Call Merchant, Bribe Branch, Renounce Religion


You were on level 4 of the Dungeon.
You worshipped Gozag.
Gozag was noncommittal.
You were not hungry.

You visited 2 branches of the dungeon, and saw 5 of its levels.

You collected 110 gold pieces.
You paid 28 gold pieces to Gozag.

Inventory:

Armour
 a - a +0 robe (worn)
 h - a +1 hat (worn)
 i - a scarf of cloud immunity (worn)
 j - a +2 pair of gloves (worn)
Jewellery
 b - a +4 ring of intelligence (left hand)
Scrolls
 c - a scroll of teleportation {unknown}
 d - 2 scrolls of identify
 e - a scroll of amnesia {unknown}
 f - 2 scrolls of remove curse
 g - 3 scrolls of immolation {unknown}


   Skills:
 + Level 0.1 Fighting
 + Level 1.7 Dodging
 - Level 1.8 Stealth
 + Level 5.2 Spellcasting
 + Level 5.3 Necromancy


You had 10 spell levels left.
You knew the following spells:

 Your Spells              Type           Power        Failure   Level  Hunger
a - Pain                  Necr           ####         1%          1    N/A
c - Vampiric Draining     Necr           ####......   4%          3    N/A

Your spell library contained the following spells:

 Spells                   Type           Power        Failure   Level  Hunger
 Animate Skeleton         Necr           N/A          1%          1    N/A
 Animate Dead             Necr           N/A          14%         4    N/A
 Regeneration             Chrm/Necr      Unusable     N/A         3    N/A

Dungeon Overview and Level Annotations

Branches:
Dungeon (4/15)             Temple (1/1) D:4

Altars:
Ashenzari
Cheibriados
Dithmenos
Elyvilon
Fedhas
Gozag
Hepliaklqana
Kikubaaqudgha
Makhleb
Nemelex Xobeh
Okawaru
Qazlal
Sif Muna
Uskayaw
Vehumet
Wu Jian
Xom
Yredelemnul
Zin


Innate Abilities, Weirdness & Mutations

You do not eat or drink.
Your flesh is vulnerable to fire.
You are immune to poison.
Your flesh is cold resistant. (rC+)
You are immune to negative energy. (rN+++)
You are immune to unholy pain and torment.
You can survive without breathing.


Message History

You feel life coursing into your body.
Casting: Vampiric Draining (safe; 4% risk of failure)
Confirm with . or Enter, or press ? or * to list all spells.
You don't have enough magic to cast that spell.
Casting: Vampiric Draining (safe; 4% risk of failure)
Confirm with . or Enter, or press ? or * to list all spells.
Aiming: Pain (safe; 1% risk of failure)
Press: ? - help, Shift-Dir - straight line, f/p - ogre
Aim: an ogre, wielding a +0 giant club (almost dead, chance to defeat MR: 84%)
The ogre barely resists.
The ogre misses you.
Casting: Pain (safe; 1% risk of failure)
Confirm with . or Enter, or press ? or * to list all spells.
Aiming: Pain (safe; 1% risk of failure)
Press: ? - help, Shift-Dir - straight line, f/p - ogre
Aim: an ogre, wielding a +0 giant club (almost dead, chance to defeat MR: 84%)
The ogre writhes in agony.
The ogre hits you with a +0 giant club!!
Ouch! That really hurt!
You die...
Your body crumbles into a pile of gold.

#.#...>...#..###.##
#...............#.##
##.#.......#....###.#
.#...........###.#.##
...#.#.#.#.#.# ##.##
.............# ##.#
.############# #..#
.# #.## .. #@# ## #O#
#.# ####.### #......#
#.##.#.# #O #.#.# #.
#.#.# #. #.#.#


You could see an ogre.

Vanquished Creatures
  An orc wizard (D:3)
  Jessica (D:2)
  Terence (D:2)
  3 adders
  A howler monkey skeleton (D:4)
  An adder skeleton (D:4)
  2 worms
  A dart slug (D:1)
  4 leopard geckos
  2 orcs
  8 bats
  7 giant cockroaches
  4 goblins
  3 hobgoblins
  2 ball pythons
  5 frilled lizards
  7 kobolds
  A quokka skeleton (D:4)
  4 rats
58 creatures vanquished.

Notes
Turn   | Place    | Note
-------+----------+-------------------------------------------
     0 | D:1      | Atlas the Mummy Necromancer began the quest for the Orb.
     0 | D:1      | Reached XP level 1. HP: 13/13 MP: 4/4
   290 | D:1      | Reached XP level 2. HP: 19/19 MP: 3/5
  1066 | D:2      | Noticed Jessica
  1072 | D:2      | Killed Jessica
  1072 | D:2      | Reached XP level 3. HP: 17/24 MP: 0/7
  1623 | D:2      | Reached XP level 4. HP: 30/30 MP: 5/9
  1632 | D:2      | Learned a level 3 spell: Vampiric Draining
  1635 | D:2      | Noticed Terence
  1650 | D:2      | Killed Terence
  1650 | D:2      | Reached skill level 5 in Necromancy
  2129 | D:3      | Found a faded altar of an unknown god.
  2716 | D:3      | Reached XP level 5. HP: 24/35 MP: 2/12
  2965 | D:4      | Reached skill level 5 in Spellcasting
  3057 | D:4      | Found a staircase to the Ecumenical Temple.
  3070 | Temple   | Entered the Ecumenical Temple
  3103 | Temple   | Became a worshipper of Gozag Ym Sagoz the Greedy
  3170 | D:4      | Noticed an ogre
  3186 | D:4      | Mangled by an ogre

Vault maps used:
D:1:      dpeg_arrival_fog, layout_basic
D:2:      layout_rooms, uniq_jessica, uniq_terence
D:3:      layout_basic, chequers_ecumenical_altar_grove, first_ration
D:4:      layout_loops_cross, minmay_temple_entry_glass, minmay_quantized
Temple:   nicolae_temple_the_god_donut

Skill      XL: |  1  2  3  4  5 |
---------------+----------------+-----
Spellcasting   | 3 4 5 |  5.2
Necromancy     | 5 |  5.3
Fighting       | |  0.1
Dodging        | |  1.7
Stealth        | |  1.8

Action                   |  1- 3 |  4- 6 || total
-------------------------+-------+-------++-------
Melee: Unarmed           |    13 |    40 ||    53
       Mace              |     8 |       ||     8
 Cast: Pain              |    51 |    55 ||   106
       Vampiric Draining |       |     4 ||     4
  Use: Scroll            |     3 |       ||     3
Armor: Robe              |     6 |    11 ||    17
Dodge: Dodged            |    24 |    35 ||    59

Table legend:
 A = Non-vault XP
 B = Vault XP
 C = Vault XP percentage of total XP
 D = Non-vault monster count
 E = Vault monster count
 F = Vault count percentage of total count
                 A         B        C        D         E       F
            +---------+---------+-------+---------+---------+-------
      Total |     192 |      73 |  27.5 |      56 |       2 |   3.4
            +---------+---------+-------+---------+---------+-------
        D:1 |      30 |       0 |   0.0 |      19 |       0 |   0.0
        D:2 |      46 |      73 |  61.3 |      18 |       2 |  10.0
        D:3 |      60 |       0 |   0.0 |      10 |       0 |   0.0
        D:4 |      56 |       0 |   0.0 |       9 |       0 |   0.0
            +---------+---------+-------+---------+---------+-------
